 Dungeon Crawl Stone Soup version 0.22.0-13-g43fe8f24b8 (webtiles) character file.

158 Nimbul the Shooter (level 5, 0/45 HPs)
             Began as a Deep Elf Hunter on Aug 16, 2018.
             Slain by an orc
             ... wielding a +0 flail
              (3 damage)
             ... on level 4 of the Dungeon.
             The game lasted 00:20:23 (2802 turns).

Nimbul the Shooter (Deep Elf Hunter)                Turns: 2802, Time: 00:20:24

Health: 0/45       AC: 22    Str: 10    XL:     5   Next: 16%
Magic:  7/7        EV:  2    Int: 16    God:
Gold:   116        SH:  0    Dex: 19    Spells: 4/4 levels left

rFire    . . .     SeeInvis .   a - +0 short sword
rCold    . . .     Gourm    .   (no shield)
rNeg     + + +     Faith    .   (armour currently unavailable)
rPois    +         Spirit   .   (helmet currently unavailable)
rElec    .         Reflect  .   (cloak currently unavailable)
rCorr    .         Harm     .   (gloves currently unavailable)
MR       .....     NoTele   +   (boots currently unavailable)
Stlth    +.........             (no amulet)
HPRegen  0.15/turn              q - +4 ring of dexterity
MPRegen  0.10/turn              (no ring)

@: confused, tree-form
A: no striking features
a: no special abilities


You were on level 4 of the Dungeon.
You were hungry.
You were a tree.
You visited 1 branch of the dungeon, and saw 4 of its levels.

You collected 116 gold pieces.

Inventory:

Hand Weapons
 a - a +0 short sword (weapon)
 b - a +1 shortbow
Missiles
 d - 52 arrows
 p - 61 stones (quivered)
Armour
 c - a +0 leather armour (melded)
 g - a +0 cloak (melded)
 i - a +0 animal skin
 m - a +0 helmet (melded)
Jewellery
 h - a cursed amulet of inaccuracy
 q - a +4 ring of dexterity (left branch)
Scrolls
 n - 2 scrolls of teleportation
 u - 2 scrolls of remove curse
Potions
 e - a potion of might {unknown}
 j - a potion of curing {unknown}
 k - a potion of magic
 l - a potion of invisibility {unknown}
 o - a potion of degeneration {unknown}
 r - a potion of resistance {unknown}
 s - a potion of mutation {unknown}
Comestibles
 f - 6 rations


   Skills:
 - Level 2.0 Fighting
 * Level 1.3 Short Blades
 - Level 6.0 Bows
 - Level 0.2 Armour
 + Level 2.8 Dodging
 * Level 3.0 Stealth


You had 4 spell levels left.
You didn't know any spells.
Your spell library contained the following spells:

 Spells                   Type           Power        Failure   Level  Hunger
 Summon Small Mammal      Summ           #...         26%         1    ##.....
 Summon Ice Beast         Ice/Summ       #.......     94%         4    #####..
 Call Imp                 Summ           #.......     36%         2    ###....
 Call Canine Familiar     Summ           #.......     58%         3    ####...
 Summon Lightning Spire   Summ/Air       #.......     94%         4    #####..
 Summon Guardian Golem    Hex/Summ       #.......     58%         3    ####...


Dungeon Overview and Level Annotations

Branches:
Dungeon (4/15)
 Temple: D:4-7

Altars:
Kikubaaqudgha
Ru
Vehumet


Message History

The orc throws a tomahawk.
The tomahawk hits you.
* * * LOW HITPOINT WARNING * * *
There is a stone staircase leading up, spattered with blood here.
You see here a tomahawk.
Something hits you.
* * * LOW HITPOINT WARNING * * *
In your confused state, you trip and fall back down the stairs.
* * * LOW HITPOINT WARNING * * *
You hear some strange, mumbled words.
You are more confused.
Unknown command.
It was a potion of lignification.
You turn into a tree.
Your +0 cloak melds into your body.
Your +0 helmet melds into your body.
Your +0 leather armour melds into your body.
Your roots penetrate the ground.
Something hits you but does no damage. The orc hits you but does no damage.
You cannot move. (Use ctrl+direction to attack without moving.)
You swing at nothing.
Something hits you but does no damage. The orc hits you but does no damage.
The orc hits you with a flail.
You die...

.........
............#
..........(...#######.
..##......##..........
...##..##..#......(...
....<.................
%........###..........
...##....###.oo.......
.o..<..(.(...{♣.......
...##.#(.#...........#
..(......#............
#####.#...............
#.#.........#.####
#...........##.#
.[.?.#...##...## .
...# #.#.....## .. ..#
#.#..#..#


You could see 2 orcs.

Vanquished Creatures
  A hound (D:3)
  Robin (D:2)
  3 adders
  An ooze (D:3)
  An adder skeleton (D:4)
  3 worms
  2 dart slugs
  3 leopard geckos
  2 orcs
  A giant cockroach (D:3)
  9 goblins
  15 hobgoblins
  2 jackals (D:1)
  A quokka (D:2)
  4 ball pythons
  3 bats
  5 frilled lizards
  2 kobolds (D:1)
  8 rats
67 creatures vanquished.

Notes
Turn   | Place    | Note
-------+----------+-------------------------------------------
     0 | D:1      | Nimbul the Deep Elf Hunter began the quest for the Orb.
     0 | D:1      | Reached XP level 1. HP: 12/12 MP: 3/3
   300 | D:1      | Reached XP level 2. HP: 16/16 MP: 4/4
   331 | D:1      | Reached skill level 5 in Bows
   631 | D:1      | Reached XP level 3. HP: 21/21 MP: 5/5
  1421 | D:2      | Noticed Robin
  1439 | D:2      | Killed Robin
  1439 | D:2      | Reached XP level 4. HP: 26/26 MP: 6/6
  1571 | D:2      | Found a radiant altar of Vehumet.
  1571 | D:2      | Found an ancient bone altar of Kikubaaqudgha.
  1977 | D:3      | Reached skill level 6 in Bows
  2039 | D:3      | Reached skill level 1 in Short Blades
  2078 | D:3      | Reached XP level 5. HP: 30/30 MP: 7/7
  2163 | D:3      | Found a sacrificial altar of Ru.
  2800 | D:4      | HP: 1/30 [fell downstairs (1)]
  2802 | D:4      | Slain by an orc

Skill      XL: |  1  2  3  4  5 |
---------------+----------------+-----
Bows           | 5 6 |  6.0
Fighting       | 2 |  2.0
Stealth        | 2 3 |  3.0
Short Blades   | 1 |  1.3
Armour         | |  0.2
Dodging        | |  2.8

Action                   |  1- 3 |  4- 6 || total
-------------------------+-------+-------++-------
Melee: Short sword       |    33 |    26 ||    59
 Fire: Shortbow          |   101 |    68 ||   169
Throw: Stone             |       |     1 ||     1
  Use: Scroll            |     5 |     6 ||    11
       Potion            |       |     1 ||     1
  Eat: Chunk             |     1 |     4 ||     5
Armor: Leather armour    |    10 |     9 ||    19
       Skin              |       |     4 ||     4
Dodge: Dodged            |    34 |    13 ||    47
